 Dungeon Crawl Stone Soup version 0.29-a0-559-g359e09b9d1 (webtiles) character file.

Game seed: 12486197989522073034

37 HoaS the Bolt Thrower (level 3, 0/21 HPs)
             Began as a Kobold Hunter on June 10, 2022.
             Slain by Terence
             ... wielding a +0 falchion
              (7 damage)
             ... on level 2 of the Dungeon.
             The game lasted 00:01:56 (1022 turns).

HoaS the Bolt Thrower (Kobold Hunter)               Turns: 1022, Time: 00:01:57

Health: 0/21       AC:  3    Str:  8    XL:     3   Next: 62%
Magic:  3/3        EV: 14    Int: 10    God:
Gold:   32         SH:  0    Dex: 20    Spells: 2/2 levels left

rFire   . . .      SeeInvis .   a - +1 hand crossbow (vorpal)
rCold   . . .      Faith    .   (no shield)
rNeg    . . .      Spirit   .   b - +0 leather armour
rPois   .          Reflect  .   (no helmet)
rElec   .          Harm     .   (no cloak)
rCorr   .          Rampage  .   (no gloves)
Will    .....                   (no boots)
Stlth   +++.......              j - amulet of regeneration
HPRegen 0.87/turn               (no ring)
MPRegen 0.08/turn               (no ring)

@: no status effects
A: small, no large weapons, nightstalker 3
a: no special abilities


You were on level 2 of the Dungeon.
You visited 1 branch of the dungeon, and saw 2 of its levels.

You collected 32 gold pieces.

Inventory:

Hand Weapons
 a - a +1 vorpal hand crossbow (weapon)
Armour
 b - a +0 leather armour (worn)
Jewellery
 j - an amulet of regeneration (around neck)
Scrolls
 c - a scroll of immolation
Potions
 d - a potion of flight {unknown}
 e - 2 potions of curing
 g - a potion of haste
 h - 2 potions of heal wounds
 k - a potion of ambrosia


   Skills:
 - Level 2.1 Fighting
 + Level 6.8 Crossbows
 - Level 2.4 Dodging
 - Level 1.3 Stealth


You had 2 spell levels left.
You didn't know any spells.
Your spell library was empty.

Dungeon Overview and Level Annotations

Branches:
Dungeon (2/15)

Altars:

Annotations:
D:2 Terence


Innate Abilities, Weirdness & Mutations

You are small and have problems with some larger weapons.
You are completely attuned to the shadows.


Message History

As you read the scroll of identify, it crumbles to dust.
g - a potion of haste
As you read the scroll of identify, it crumbles to dust.
h - a potion of heal wounds
As you read the scroll of identify, it crumbles to dust.
k - a potion of ambrosia
As you read the scroll labelled TAADDABLAY, it crumbles to dust.
It is a scroll of brand weapon.
Your +1 hand crossbow emits a brilliant flash of light!
a - a +1 vorpal hand crossbow (weapon)
A goblin comes into view. It is wielding a +0 dagger.
You shoot a bolt. The bolt hits the goblin!
You kill the goblin!
No target in view!
No target in view!
You see here a +0 dagger.
e - 2 potions of curing (gained 1)
d - a brown potion
h - 2 potions of heal wounds (gained 1)
An adder comes into view.
You shoot a bolt. The bolt hits the adder.
The adder hisses angrily.
The adder is moderately wounded.
Terence the Incautious comes into view.
He is wielding a +0 falchion.
You shoot a bolt. The bolt misses the adder.
Terence shouts!
You hear a shout!
You shoot a bolt. The bolt barely misses the adder.
The bolt hits Terence.
Terence is lightly wounded.
The adder barely misses you. The adder closely misses you.
You shoot a bolt. The bolt hits the adder.
You kill the adder!
You shoot a bolt. The bolt hits Terence.
Terence is moderately wounded.
Terence hits you with a +0 falchion.
You shoot a bolt. The bolt hits Terence.
Terence is severely wounded.
Terence hits you with a +0 falchion!
You shoot a bolt. The bolt barely misses Terence.
Terence hits you with a +0 falchion. Terence hits you with a +0 falchion!
You die...

#.......#
#.......#
#####..##
##..# ##.#
#.# #
#.###..
####.#...#
.....@...#
......@..#
.........#
..........
.........#


You could see Terence.

Vanquished Creatures
  An adder (D:2)
  A dart slug (D:1)
  2 endoplasms (D:1)
  A giant cockroach (D:1)
  5 goblins
  3 jackals (D:1)
  4 ball pythons
  3 bats
  A frilled lizard (D:1)
  A kobold (D:1)
  6 rats (D:1)
28 creatures vanquished.

Notes
Turn   | Place    | Note
-------+----------+-------------------------------------------
     0 | D:1      | HoaS the Kobold Hunter began the quest for the Orb.
     0 | D:1      | Reached XP level 1. HP: 12/12 MP: 1/1
    99 | D:1      | Reached XP level 2. HP: 17/17 MP: 2/2
   232 | D:1      | Reached skill level 6 in Crossbows
   722 | D:1      | Reached XP level 3. HP: 21/21 MP: 3/3
   746 | D:1      | You fall into a shaft and drop 1 floor!
  1016 | D:2      | Noticed Terence
  1022 | D:2      | Slain by Terence

Illustrated notes

Levels and vault maps discovered:
D:1:      dpeg_arrival_short_road, layout_basic, due_unseen_surprise
D:2:      layout_rooms, chequers_serial_rivers_micro_a, uniq_terence,
          uniq_crazy_yiuf_cottage

Skill      XL: |  1  2 |
---------------+-------+-----
Crossbows      | 6 |  6.8
Fighting       | |  2.1
Dodging        | |  2.4
Stealth        | |  1.3

Action                   || total
-------------------------++-------
 Fire: Hand crossbow     ||    48
  Use: Scroll            ||     6
Armor: Leather armour    ||     1
Dodge: Dodged            ||     7

Table legend: (Time is in decaauts)
 A = Elapsed time spent in this place.
 B = Non-inter-level travel time spent in this place.
 C = Inter-level travel time spent in this place.
 D = Time resting spent in this place.
 E = Time spent auto-exploring this place.
 F = Levels seen in this place.
 G = Mean time per level.
                   A        B        C        D        E       F      G
               +--------+--------+--------+--------+--------+-----+--------+
         Total |   1033 |   1024 |      9 |      0 |    885 |   2 |  516.5 |
       Dungeon |   1033 |   1024 |      9 |      0 |    885 |   2 |  516.5 |
               +--------+--------+--------+--------+--------+-----+--------+

Top non-repeatable levels by time:
     D:1: 895 daAuts
     D:2: 137 daAuts
